 Dungeon Crawl Stone Soup version 0.28.0 (webtiles) character file.

Game seed: 15968586054040247843

6444 hikkokomori the Fighter (level 11, 0/92 HPs)
             Began as a Formicid Fighter on Feb 14, 2022.
             Was an Elder of Okawaru.
             Slain by a two-headed ogre (1 damage)
             ... on level 10 of the Dungeon.
             The game lasted 00:23:35 (12786 turns).

hikkokomori the Fighter (Formicid Fighter)         Turns: 12786, Time: 00:23:36

Health: 0/92       AC: 17    Str: 30    XL:     11   Next: 18%
Magic:  9/11       EV: 10    Int:  9    God:    Okawaru [****..]
Gold:   121        SH: 12    Dex: 13    Spells: 10/10 levels left

rFire   + . .      SeeInvis +   B - +6 great mace of Laceration {vorpal, rCorr}
rCold   . . .      Faith    +   G - +0 kite shield of Azitus {rF+ Dex+3}
rNeg    . . .      Spirit   .   n - +2 chain mail {rPois}
rPois   +          Reflect  .   (helmet unavailable)
rElec   .          Harm     .   (no cloak)
rCorr   +          Rampage  .   (no gloves)
Will    +....                   A - +1 pair of boots
Stlth   ..........              r - amulet of faith
HPRegen 0.25/turn               l - +6 ring of strength
MPRegen 0.12/turn               (no ring)

@: heroic, studying Transmutations
A: permanent stasis, dig shafts and tunnels, antennae 3, four strong arms
a: Dig, Shaft Self, Renounce Religion, Heroism, Finesse


You were on level 10 of the Dungeon.
You worshipped Okawaru.
Okawaru was greatly pleased with you.
You visited 2 branches of the dungeon, and saw 11 of its levels.
You also visited: Bailey.

You collected 443 gold pieces.
You spent 322 gold pieces at shops.

Inventory:

Hand Weapons
 B - the +6 great mace of Laceration (weapon) {vorpal, rCorr}
   (You bought it in a shop on level 7 of the Dungeon)

   It inflicts extra damage upon your enemies.
   rCorr:     It protects you from acid and corrosion.
 D - a +3 trident of venom
 H - a +2 vampiric halberd
 N - a +0 battleaxe
Missiles
 s - 4 javelins
 M - 4 atropa-tipped darts
Armour
 b - a +0 scale mail
 c - a +0 buckler
 j - a +0 chain mail
 n - a +2 chain mail of poison resistance (worn)
 u - the +0 ring mail "Akyojy" {rCorr}
   (You found it on level 6 of the Dungeon)

   rCorr:     It protects you from acid and corrosion.
 A - a +1 pair of boots (worn)
 F - a +0 plate armour of fire resistance
 G - the +0 kite shield of Azitus (worn) {rF+ Dex+3}
   (You found it in a bailey)

   Dex:       It affects your dexterity (+3).
   rF:        It protects you from fire.
Jewellery
 l - a +6 ring of strength (left hand)
 r - an amulet of faith (around neck)
 y - an amulet of reflection
 I - a ring of willpower
 O - a ring of ice
Wands
 x - a wand of iceblast (5)
 E - a wand of paralysis (7)
Scrolls
 e - a scroll of holy word {unknown}
 f - 3 scrolls of fog
 h - 2 scrolls of magic mapping
 i - a scroll of blinking
 o - 2 scrolls of amnesia
 v - 2 scrolls of identify
 w - a scroll of fear {unknown}
 C - a scroll of brand weapon {unknown}
 J - a scroll of immolation {unknown}
Potions
 d - 5 potions of might
 g - 3 potions of lignification
 k - 3 potions of heal wounds
 m - 2 potions of cancellation {unknown}
 p - 5 potions of haste
 q - a potion of berserk rage {unknown}
 t - 2 potions of flight
 z - a potion of curing
 K - a potion of resistance {unknown}
 L - a potion of degeneration {unknown}
Miscellaneous
 a - a tin of tremorstones (2/2)


   Skills:
 + Level 10.4(15.4) Fighting
 - Level 6.8(12.9) Axes
 + Level 3.7(10.8) Maces & Flails
 - Level 4.3(11.2) Polearms
 + Level 9.4(14.4) Armour
 + Level 7.0(12.0) Shields
 + Level 4.1 Evocations


You had 10 spell levels left.
You didn't know any spells.
Your spell library contained the following spells:

 Spells                   Type           Power      Damage    Failure   Level
 Corpse Rot               Necr/Air       0%         N/A       98%         2
 Ozocubu's Armour         Ice            0%         N/A       100%        3
 Fulminant Prism          Conj/Hex       0%         3d6       100%        4
 Iskenderun's Mystic Bla  Conj/Tloc      0%         2d3       100%        4
 Sticky Flame             Conj/Fire      0%         2d3       100%        4
 Borgnjor's Vile Clutch   Necr/Erth      0%         N/A       100%        5
 Lee's Rapid Deconstruct  Erth           0%         3d5*      100%        5
 Ozocubu's Refrigeration  Ice            0%         4d5       100%        7


Dungeon Overview and Level Annotations

Branches:
Dungeon (10/15)            Temple (1/1) D:7          Bailey (visited)
   Lair: D:8-11         Orc: D:9-12

Altars:
Cheibriados
Elyvilon
Fedhas
Gozag
Hepliaklqana
Kikubaaqudgha
Makhleb
Nemelex Xobeh
Okawaru
Qazlal
Ru
Sif Muna
Trog
Uskayaw
Vehumet
Xom
Yredelemnul
Zin
The Shining One

Shops:
D:4 *   D:7 *

Portals:
Abyss: D:6

Annotations:
D:6 2 transporters, yahweh's ghost, novice MiFi


Innate Abilities, Weirdness & Mutations

You cannot be hasted, slowed, berserked, paralysed or teleported.
You can dig through walls and to a lower floor.
You have a pair of large antennae on your head. (SInv)
Your four strong arms can wield two-handed weapons with a shield.


Message History

You bludgeon the yak!!
The yak is almost dead.
The yak barely misses you. The yak gores you but does no damage.
You closely miss the yak.
The yak is almost dead.
You block the yak's attack.
You sock the yak!
You kill the yak!
Okawaru accepts your kill.
You feel like a meek peon again. The yak barely misses you.
You bludgeon the yak!!
The yak is almost dead.
You block the yak's attack.
You barely miss the yak.
The yak is almost dead.
The yak gores you but does no damage. The yak gores you!
You thump the yak!
You kill the yak!
Okawaru accepts your kill.
You can now speed up your combat.
Your Shields skill increases to level 7!
You bludgeon the two-headed ogre!!
The two-headed ogre is heavily wounded.
The two-headed ogre hits you with a +0 giant spiked club!!
The two-headed ogre hits you with a +0 giant spiked club!
* * * LOW HITPOINT WARNING * * *
The two-headed ogre hits you with a +0 giant spiked club!!
* * * LOW HITPOINT WARNING * * *
You block the two-headed ogre's attack.
Okay, then.
Aiming: Paralyse
Press: ? - help, Shift-Dir - straight line, f - two-headed ogre
Aim: a two-headed ogre, wielding two +0 giant spiked clubs (heavily wounded, chance to affect: 41%)
Okay, then.
You feel much better.
You gain the combat prowess of a mighty hero.
The two-headed ogre hits you with a +0 giant spiked club!!
* * * LOW HITPOINT WARNING * * *
The two-headed ogre hits you with a +0 giant spiked club.
You die...

≈ ≈≈ ≈≈P
≈Y..###
≈...P...######
....Y....#<..#
#.....##Y##..#
#.. #O#...#
#... #@#..##
#....##'#..#
#..........#
###..(.....#
#........#
#..##....# #..
##....> #.#
#...... #.
#.......


You could see a two-headed ogre and a yak.

Vanquished Creatures
  A two-headed ogre (D:8)
  A gargoyle (Bailey)
  Prince Ribbit (D:7)
  3 vampires (Bailey)
  5 yaks (D:10)
  4 steam dragons
  Menkaure (D:7)
  A water moccasin (D:7)
  An orc warrior (D:9)
  7 sky beasts
  An ogre (D:4)
  2 necrophages (D:7)
  4 centaurs
  A bullfrog (D:7)
  2 gnoll sergeants
  4 scorpions
  A wyvern skeleton (D:4)
  A water moccasin skeleton (D:6)
  The ghost of cbfl8 the Sneak, a weakling MiDe of Makhleb (D:4)
  5 killer bees (D:9)
  4 wolf zombies (Bailey)
  An electric eel (D:9)
  7 vampire bats (Bailey)
  A centaur zombie (D:5)
  An orc priest (D:9)
  A gnoll shaman (D:5)
  A hound (D:5)
  2 bullfrog zombies
  4 centaur skeletons
  Terence (D:3)
  2 iguanas
  3 orc wizards
  A scorpion zombie (D:5)
  A killer bee zombie (D:6)
  A hound skeleton (D:4)
  A howler monkey skeleton (D:5)
  7 adders
  8 gnolls
  A shadow imp (D:5)
  2 white imps
  2 adder skeletons (D:4)
  2 worms (D:2)
  5 dart slugs
  13 orcs
  9 ball pythons
  5 endoplasms
  A giant cockroach (D:1)
  11 goblins
  7 hobgoblins
  7 jackals (D:1)
  5 kobolds
  5 quokkas
  5 bats
  A frilled lizard (D:2)
  21 orc zombies (Bailey)
  5 rats
201 creatures vanquished.

Vanquished Creatures (others)
  A sky beast (D:9)
  2 bushes (D:8)
  41 fungi (D:8)
  45 plants
89 creatures vanquished.

Grand Total: 290 creatures vanquished

Notes
Turn   | Place    | Note
-------+----------+-------------------------------------------
     0 | D:1      | hikkokomori the Formicid Fighter began the quest for the
                  | Orb.
     0 | D:1      | Reached XP level 1. HP: 18/18 MP: 1/1
   115 | D:1      | Reached XP level 2. HP: 24/24 MP: 2/2
   155 | D:1      | Reached XP level 3. HP: 14/30 MP: 3/3
   374 | D:1      | Reached skill level 4 in Fighting
  1247 | D:2      | Reached XP level 4. HP: 35/37 MP: 4/4
  2018 | D:2      | Found a faded altar of an unknown god.
  2272 | D:3      | Reached XP level 5. HP: 26/43 MP: 5/5
  2512 | D:3      | Noticed Terence
  2519 | D:3      | Killed Terence
  2701 | D:3      | Reached skill level 5 in Fighting
  3247 | D:4      | Reached XP level 6. HP: 34/51 MP: 6/6
  4110 | D:4      | Found Suceesit's Elemental Accessories.
  4111 | D:4      | Noticed an ogre
  4119 | D:4      | Killed an ogre
  4120 | D:4      | Reached XP level 7. HP: 35/57 MP: 7/7
  4123 | D:4      | Bought a wand of flame (3) for 35 gold pieces
  4380 | D:4      | Reached skill level 6 in Fighting
  4729 | D:4      | Reached skill level 5 in Axes
  5085 | D:4      | Found a runed translucent door.
  5088 | D:4      | Noticed cbfl8's ghost (weakling MiDe)
  5122 | D:4      | Killed cbfl8's ghost
  5192 | D:5      | Entered Level 5 of the Dungeon
  5466 | D:5      | Reached skill level 5 in Shields
  5696 | D:5      | Reached XP level 8. HP: 65/65 MP: 8/8
  6104 | D:5      | Reached skill level 5 in Armour
  6292 | D:5      | Found a sacrificial altar of Ru.
  6522 | D:5      | Found a white marble altar of Elyvilon.
  6794 | D:6      | Identified the +0 ring mail "Akyojy" {rCorr}
  6822 | D:6      | Reached skill level 7 in Fighting
  7215 | D:6      | Found a snail-covered altar of Cheibriados.
  7295 | D:6      | Found the +8 demon trident "Rift" {distort, reach+}
  7698 | D:6      | Reached skill level 1 in Polearms
  7869 | D:6      | Found a transporter.
  7879 | D:6      | Noticed a small abomination
  7879 | D:6      | Noticed a toenail golem
  7889 | D:6      | Reached XP level 9. HP: 72/72 MP: 9/9
  7905 | D:6      | Found a one-way gate to the infinite horrors of the Abyss.
  7905 | D:6      | Noticed yahweh's ghost (novice MiFi)
  7950 | D:6      | Found a transporter.
  8133 | D:7      | Reached skill level 8 in Fighting
  8352 | D:7      | Noticed Prince Ribbit
  8362 | D:7      | Killed Prince Ribbit
  8480 | D:7      | Found a staircase to the Ecumenical Temple.
  8523 | Temple   | Entered the Ecumenical Temple
  8621 | Temple   | Became a worshipper of Warmaster Okawaru
  8744 | D:7      | Found Kies's Assorted Antiques.
  8757 | D:7      | Noticed Menkaure
  8765 | D:7      | Killed Menkaure
  9143 | D:7      | Reached * piety under Okawaru
  9728 | D:7      | Bought an ancient great mace for 287 gold pieces
  9728 | D:7      | Identified the +6 great mace of Laceration {vorpal, rCorr}
                  | (You bought it in a shop on level 7 of the Dungeon)
  9877 | D:8      | Noticed a two-headed ogre
  9881 | D:8      | Reached skill level 9 in Fighting
  9885 | D:8      | Killed a two-headed ogre
  9885 | D:8      | Reached ** piety under Okawaru
  9886 | D:8      | Reached XP level 10. HP: 45/83 MP: 7/10
 10057 | D:8      | You fall into a shaft and drop 1 floor!
 10159 | D:9      | Found a flagged portal.
 10343 | Bailey   | Entered a bailey
 10406 | Bailey   | Noticed a gargoyle
 10415 | Bailey   | Killed a gargoyle
 10415 | Bailey   | Reached *** piety under Okawaru
 10416 | Bailey   | Reached skill level 1 in Maces & Flails
 10416 | Bailey   | Reached skill level 1 in Evocations
 10969 | Bailey   | Identified the +0 kite shield of Azitus {rF+ Dex+3}
 10974 | Bailey   | Got the Grimoire of Burning Evil
 11579 | D:9      | Reached skill level 10 in Fighting
 12033 | D:9      | Reached **** piety under Okawaru
 12307 | D:9      | Reached XP level 11. HP: 55/90 MP: 11/11
 12416 | D:9      | Received a gift from Okawaru
 12744 | D:10     | Entered Level 10 of the Dungeon
 12771 | D:10     | Noticed a two-headed ogre
 12784 | D:10     | HP: 4/92 [two-headed ogre (18)]
 12786 | D:10     | HP: 1/92 [two-headed ogre (20)]
 12786 | D:10     | Slain by a two-headed ogre

Illustrated notes

Levels and vault maps discovered:
D:1:      dpeg_arrival_brainrot, layout_loops_ring
D:2:      layout_rooms, dreamdust_ecumenical_altar_grove, minmay_pentomino_pile
D:3:      layout_rooms, uniq_terence
D:4:      layout_loops_corners, ebering_ghost_reflecting_pool,
          chequers_serial_rivers_small_3, nicolae_elemental_shop
D:5:      layout_basic, nicolae_elyvilon_temple_path, kennysheep_little_box,
          hangedman_decor_peaks_small, minmay_manual_mess
D:6:      layout_basic, cheibriados_altar_1, gammafunk_ghost_abyssal_escape
D:7:      layout_gridville, temple_green, serial_shops, shop, uniq_menkaure,
          uniq_prince_ribbit1
D:8:      layout_basic, mainiacjoe_overflow_alcove_1,
          mainiacjoe_overflow_cross_hatched, due_lair_maze_entry_diamond,
          uniq_grum
D:9:      layout_loops_ring, enter_bailey_5, grunt_decor_one_mirror,
          kennysheep_path_1, hangedman_decor_push, minmay_holes,
          hangedman_misty_isle
D:10:     layout_basic, grunt_dithmenos_smoke, grunt_ogre_cave,
          chequers_big_river, minivault_19
Temple:   regret_index_temple_sphere_string

Skill      XL: |  1  2  3  4  5  6  7  8  9 10 11 |
---------------+----------------------------------+-----
Fighting       | 4 5 6 7 9 10 | 10.4
Axes           | 3 4 5 6 |  6.8
Shields        | 4 5 6 7 |  7.0
Armour         | 4 6 8 9 |  9.4
Polearms       | 1 4 |  4.3
Maces & Flails | 3 |  3.7
Evocations     | 3 4 |  4.1

Action                   |  1- 3 |  4- 6 |  7- 9 | 10-12 || total
-------------------------+-------+-------+-------+-------++-------
Melee: War axe           |    92 |   141 |   283 |    10 ||   526
       Halberd           |       |       |    25 |       ||    25
       Great mace        |       |       |    17 |   168 ||   185
Throw: Throwing net      |       |     1 |       |       ||     1
       Javelin           |       |       |     8 |       ||     8
Invok: Heroism           |       |       |     1 |     8 ||     9
 Abil: Dig               |       |       |     1 |     1 ||     2
Evoke: Wand              |       |       |     4 |     3 ||     7
  Use: Scroll            |       |     3 |     5 |     1 ||     9
       Potion            |       |     1 |       |     4 ||     5
 Stab: Distracted        |       |       |     1 |       ||     1
Armor: Scale mail        |    51 |       |       |       ||    51
       Chain mail        |     1 |    84 |   182 |    68 ||   335
       Skin              |       |     2 |       |       ||     2
       Plate armour      |       |       |       |    85 ||    85
Dodge: Dodged            |    54 |    56 |   139 |   120 ||   369
Block: Buckler           |    22 |    22 |    74 |    39 ||   157
       Kite shield       |       |       |       |    58 ||    58
